 Dungeon Crawl Stone Soup version 0.29.1-1-gd02db6906a (webtiles) character file.

Game seed: 17853822289112512493

112 xian the Trooper (level 4, -3/36 HPs)
             Began as a Demonspawn Abyssal Knight on Oct 8, 2022.
             Was a Priest of Lugonu.
             Splashed by a jelly's acid (8 damage)
             ... on level 4 of the Dungeon.
             The game lasted 00:05:23 (3087 turns).

xian the Trooper (Demonspawn Abyssal Knight)        Turns: 3087, Time: 00:05:24

Health: -3/36      AC: -5    Str: 11    XL:     4   Next: 64%
Magic:  6/6        EV: 11    Int: 11    God:    Lugonu [***...]
Gold:   109        SH:  0    Dex: 26    Spells: 3/3 levels left

rFire   . . .      SeeInvis .   a - +1 hand axe
rCold   . . .      Faith    .   (no shield)
rNeg    . . .      Spirit   .   n - +4 ring mail "Pecwir" {Fly Regen+ Str-4}
rPois   .          Reflect  .   (no helmet)
rElec   .          Harm     .   (no cloak)
rCorr   .          Rampage  .   (no gloves)
Will    .....                   r - +0 pair of boots
Stlth   ++........              (no amulet)
HPRegen 0.92/turn               f - +6 ring of dexterity
MPRegen 0.20/turn               k - +6 ring of dexterity

@: corroded, flying
A: claws 1, magic regeneration
a: Renounce Religion, Depart the Abyss, Bend Space, Banish


You were on level 4 of the Dungeon.
You worshipped Lugonu.
Lugonu was most pleased with you.
You visited 1 branch of the dungeon, and saw 4 of its levels.
You visited the Abyss 1 time.

You collected 109 gold pieces.

Inventory:

Hand Weapons
 a - a +1 hand axe (weapon)
Missiles
 d - 25 stones (quivered)
 p - 9 poisoned darts
Armour
 n - the +4 ring mail "Pecwir" (worn) {Fly Regen+ Str-4}
   (You found it on level 2 of the Dungeon)

   Str:       It affects your strength (-4).
   Fly:       It grants you flight.
   Regen:     It increases your rate of health regeneration.
 r - a +0 pair of boots (worn)
Jewellery
 f - a +6 ring of dexterity (left claw)
 k - a +6 ring of dexterity (right claw)
 o - a +6 ring of strength
Scrolls
 b - a scroll of identify {unknown}
 e - a scroll of blinking {unknown}
 g - a scroll of vulnerability {unknown}
 l - 2 scrolls of enchant weapon {unknown}
 q - a scroll of fog {unknown}
Potions
 c - a potion of resistance {unknown}
 h - a potion of brilliance {unknown}
 i - 2 potions of invisibility {unknown}
 j - 2 potions of heal wounds {unknown}
 m - a potion of mutation {unknown}


   Skills:
 + Level 3.6 Fighting
 + Level 3.2 Axes
 + Level 0.2 Throwing
 + Level 2.3 Armour
 + Level 1.2 Dodging
 + Level 0.5 Stealth
 + Level 2.9 Invocations


You had 3 spell levels left.
You didn't know any spells.
Your spell library contained the following spells:

 Spells                   Type           Power      Damage    Failure   Level
 Sublimation of Blood     Necr           0%         N/A       77%         2
 Portal Projectile        Hex/Tloc       0%         N/A       94%         3
 Tukima's Dance           Hex            0%         N/A       94%         3
 Petrify                  Tmut/Erth      0%         N/A       100%        4
 Blade Hands              Tmut           0%         N/A       100%        5
 Irradiate                Conj/Tmut      0%         3d11      100%        5


Dungeon Overview and Level Annotations

Branches:
Dungeon (4/15)
 Temple: D:4-7

Altars:
Kikubaaqudgha

Shops:
D:2 *


Innate Abilities, Weirdness & Mutations

You have sharp fingernails.
You regenerate magic rapidly.


Message History

p - 9 poisoned darts (gained 3)
You see here a +0 falchion.
Done exploring.
Done exploring.
There is a stone staircase leading down here.
You fly downwards.
Found 3 gold pieces.
There is a stone staircase leading up here.
Found a stone staircase leading down.
A jelly comes into view.
You see here 3 gold pieces.
The jelly quivers.
You see here 3 gold pieces.
You now have 109 gold pieces (gained 3).
The jelly hits you but does no damage.
You hit the jelly.
Your claws burn!
The jelly is lightly wounded.
The jelly hits you. The acid corrodes you!
You are splashed with acid!
You hit the jelly but do no damage.
Your claws burn!
The jelly is lightly wounded.
The jelly closely misses you.
You completely miss the jelly.
The jelly is lightly wounded.
The jelly hits you. The acid corrodes you!
You are splashed with acid!
* * * LOW HITPOINT WARNING * * *
You hit the jelly. The acid corrodes you!
Your claws burn!
* * * LOW HITPOINT WARNING * * *
The jelly is moderately wounded.
The jelly hits you but does no damage.
You hit the jelly.
Your claws burn!
* * * LOW HITPOINT WARNING * * *
The jelly is heavily wounded.
The jelly barely misses you.
You slash the jelly! The acid corrodes you!
Your claws burn!
* * * LOW HITPOINT WARNING * * *
The jelly is almost dead.
The jelly hits you.
* * * LOW HITPOINT WARNING * * *
The acid corrodes you!
You are splashed with acid!
You die...

#.# #.#
# #.#
###.#.#
...#.#
..>#
###.####
#@....<#
#J#.####
#.#.#
#.#.#
#.#.#
..#.#
###.#
#.#


You could see a jelly.

Vanquished Creatures
  Terence (D:3)
  3 adders
  A dart slug (D:1)
  3 bats
  3 endoplasms (D:2)
  2 giant cockroaches (D:2)
  3 goblins
  4 hobgoblins
  7 jackals
  3 quokkas
  7 ball pythons
  5 frilled lizards
  8 kobolds
  4 rats
54 creatures vanquished.

Notes
Turn   | Place    | Note
-------+----------+-------------------------------------------
     0 | Abyss:1  | xian the Demonspawn Abyssal Knight began the quest for the
                  | Orb.
     0 | Abyss:1  | Reached XP level 1. HP: 18/18 MP: 2/2
     1 | D:1      | Escaped the Abyss
   231 | D:1      | Gained mutation: You regenerate magic rapidly. [demonic
                  | ancestry]
   231 | D:1      | Reached XP level 2. HP: 13/24 MP: 4/4
   423 | D:1      | Reached skill level 1 in Dodging
  1226 | D:2      | Gained mutation: You have sharp fingernails. [demonic
                  | ancestry]
  1226 | D:2      | Reached XP level 3. HP: 29/29 MP: 5/5
  1394 | D:2      | Reached *** piety under Lugonu
  1471 | D:2      | Found a faded altar of an unknown god.
  1779 | D:2      | Found Emosimoc's Assorted Antiques.
  1793 | D:2      | Identified the +4 ring mail "Pecwir" {Fly Regen+ Str-4}
  2293 | D:3      | Reached XP level 4. HP: 35/35 MP: 6/6
  2313 | D:3      | Found an ancient bone altar of Kikubaaqudgha.
  2755 | D:3      | Noticed Terence
  2772 | D:3      | Killed Terence
  3087 | D:4      | Splashed by a jelly's acid

Illustrated notes

Levels and vault maps discovered:
D:1:      dpeg_arrival_simpleton_a, layout_basic, minmay_tripent
D:2:      layout_basic, ebering_ecumenical_altar_box, serial_shops, shop
D:3:      layout_basic, kiku_gazebo_pond_becter, minivault_4, uniq_terence
D:4:      layout_basic, ebering_ghost_reflecting_pool

Skill      XL: |  1  2  3  4 |
---------------+-------------+-----
Dodging        | 1 |  1.2
Axes           | 2 3 |  3.2
Armour         | 2 |  2.3
Fighting       | |  3.6
Throwing       | |  0.2
Stealth        | |  0.5
Invocations    | |  2.9

Action                   |  1- 3 |  4- 6 || total
-------------------------+-------+-------++-------
Melee: Hand axe          |   146 |    31 ||   177
Throw: Stone             |       |    20 ||    20
 Stab: Sleeping          |     1 |     1 ||     2
Armor: Leather armour    |    23 |       ||    23
       Ring mail         |    23 |    19 ||    42
       Chain mail        |    19 |       ||    19
Dodge: Dodged            |    94 |    31 ||   125
